 Dungeon Crawl Stone Soup version 0.25-a0-558-g78a2afb0af (webtiles) character file.

Game seed: 12693094379043478928, levelgen mode: deterministic

116 Aggronaut the Cudgeler (level 4, -4/33 HPs)
             Began as a Demonspawn Gladiator on Feb 25, 2020.
             Splashed by a jelly's acid (10 damage)
             ... on level 2 of the Dungeon.
             The game lasted 00:04:17 (1235 turns).

Aggronaut the Cudgeler (Demonspawn Gladiator)       Turns: 1235, Time: 00:04:19

Health: -4/33      AC:  8    Str: 15    XL:     4   Next: 69%
Magic:  4/4        EV: 11    Int: 10    God:
Gold:   84         SH:  0    Dex: 14    Spells: 3/3 levels left

rFire    . . .     SeeInvis .   a - +0 flail
rCold    . . .     Gourm    .   (no shield)
rNeg     . . .     Faith    .   j - +0 ring mail
rPois    .         Spirit   .   c - +0 helmet
rElec    .         Reflect  .   (no cloak)
rCorr    .         Harm     .   (no gloves)
MR       .....                  (no boots)
Stlth    ..........             (no amulet)
HPRegen  0.11/turn              (no ring)
MPRegen  0.09/turn              (no ring)

@: no status effects
A: hooves 1, iridescent scales 1, spiny 1
a: no special abilities


You were on level 2 of the Dungeon.
You were very hungry.

You visited 1 branch of the dungeon, and saw 2 of its levels.

You collected 84 gold pieces.

Inventory:

Hand Weapons
 a - a +0 flail (weapon)
Missiles
 d - 3 throwing nets (quivered)
Armour
 c - a +0 helmet (worn)
 j - a +0 ring mail (worn)
Scrolls
 b - a scroll of immolation {unknown}
 e - a scroll of teleportation
 h - 3 scrolls of remove curse {unknown}
 i - 2 scrolls of identify {unknown}
Comestibles
 f - 2 rations


   Skills:
 - Level 2.0 Fighting
 + Level 5.0 Maces & Flails
 - Level 1.7 Throwing
 - Level 2.6 Dodging


You had 3 spell levels left.
You didn't know any spells.
Your spell library was empty.

Dungeon Overview and Level Annotations

Branches:
Dungeon (2/15)

Altars:


Innate Abilities, Weirdness & Mutations

You have large cloven feet.
You are partially covered in iridescent scales. (AC +2)
You are partially covered in sharp spines.


Message History

The ooze is moderately wounded.
The ooze misses you.
You hit the ooze. You kick the ooze.
The ooze is almost dead.
The ooze barely misses you.
The ooze quivers.
You sock the ooze!
You kill the ooze!
The jelly hits you but does no damage.
You hit the jelly.
Your hands burn!
You kick the jelly.
The jelly is heavily wounded.
The jelly hits you but does no damage.
You hit the jelly but do no damage.
Your hands burn!
* * * LOW HITPOINT WARNING * * *
You kick the jelly.
The jelly is heavily wounded.
The jelly hits you.
* * * LOW HITPOINT WARNING * * *
You are splashed with acid!
You die...

########.# ### #.#
#(÷....##.####### #.#
#÷..P.J#.#.#....#####.###
#..÷JJJ#.#.#.....##..)))(
#...PPP#)#'#......'((####
#...J..#.#........'..#
#P.P.PJ#.#.....(..'.##
#..÷..÷#@#.......##.#####
#.P...JJ##......######...
#.÷....########## #.##
####### #######'##
######### #.........
........## #.........
#######..####......... ..
....................†
#.###########..##.######'##


You could see a jelly and an ooze.

Vanquished Creatures
  A jelly (D:2)
  An adder (D:2)
  5 oozes (D:2)
  A leopard gecko (D:2)
  2 bats (D:1)
  A giant cockroach (D:1)
  8 goblins
  8 hobgoblins
  2 jackals (D:1)
  3 frilled lizards
  14 kobolds
  6 rats
52 creatures vanquished.

Vanquished Creatures (others)
  2 fungi (D:2)
  9 toadstools (D:2)
11 creatures vanquished.

Grand Total: 63 creatures vanquished

Notes
Turn   | Place    | Note
-------+----------+-------------------------------------------
     0 | D:1      | Aggronaut the Demonspawn Gladiator began the quest for the
                  | Orb.
     0 | D:1      | Reached XP level 1. HP: 16/16 MP: 1/1
   215 | D:1      | Reached skill level 3 in Maces & Flails
   349 | D:1      | Gained mutation: You have large cloven feet. [demonic
                  | ancestry]
   349 | D:1      | Reached XP level 2. HP: 22/22 MP: 2/2
   584 | D:1      | Gained mutation: You are partially covered in iridescent
                  | scales. (AC +2) [demonic ancestry]
   584 | D:1      | Reached XP level 3. HP: 27/27 MP: 3/3
   877 | D:2      | Reached skill level 4 in Maces & Flails
  1219 | D:2      | Gained mutation: You are partially covered in sharp spines.
                  | [demonic ancestry]
  1219 | D:2      | Reached XP level 4. HP: 28/33 MP: 4/4
  1230 | D:2      | Reached skill level 5 in Maces & Flails
  1235 | D:2      | Splashed by a jelly's acid

Levels and vault maps discovered:
D:1:      doesnt_arrival_eight_statues, layout_rooms, interstate_on_off,
          minmay_tree_intersection
D:2:      cheibrodos_fertilizer, layout_basic, bloody_trog,
          chequers_serial_rivers_small_a

Skill      XL: |  1  2  3  4 |
---------------+-------------+-----
Maces & Flails | 3 4 5 |  5.0
Fighting       | |  2.0
Throwing       | |  1.7
Dodging        | |  2.6

Action                   |  1- 3 |  4- 6 || total
-------------------------+-------+-------++-------
Melee: Flail             |   120 |    12 ||   132
       Kick              |    16 |     6 ||    22
  Use: Scroll            |     1 |       ||     1
 Stab: Sleeping          |     1 |       ||     1
Armor: Leather armour    |    13 |       ||    13
       Ring mail         |    25 |     3 ||    28
Dodge: Dodged            |    75 |     5 ||    80

Table legend:
 A = Non-vault XP
 B = Vault XP
 C = Vault XP percentage of total XP
 D = Non-vault monster count
 E = Vault monster count
 F = Vault count percentage of total count
                 A         B        C        D         E       F
            +---------+---------+-------+---------+---------+-------
      Total |      77 |      89 |  53.6 |      38 |      14 |  26.9
            +---------+---------+-------+---------+---------+-------
        D:1 |      48 |       0 |   0.0 |      29 |       0 |   0.0
        D:2 |      29 |      89 |  75.4 |       9 |      14 |  60.9
            +---------+---------+-------+---------+---------+-------
